[Event "*** Titled Tuesday 3|2 Blitz"]
[Site "Chess.com"]
[Date "2016.01.05"]
[Round "9"]
[White "StellarChessPro"]
[Black "Cecile_Haussernot"]
[Result "1-0"]
[WhiteElo "2232"]
[BlackElo "2195"]
[TimeControl "180+2"]
[EndTime "12:53:26 PST"]
[Termination "StellarChessPro won by resignation"]

1. d4 Nf6 2. Bg5 d5 3. Bxf6 exf6 4. e3 Bd6 5. c4 O-O 6. cxd5 Bb4+ 7. Nd2 Qxd5 8. a3 Ba5 9. Nf3 c5 10. dxc5 Rd8 11.
b4 Bc7 12. Qc2 Bf5 13. e4 Qe6 14. Bc4 Qe7 15. O-O Bg4 16. h3 Bh5 17. Rfe1 Nc6 18.
Be2 Ne5 19. Nxe5 Bxe2 20. Nec4 Bd3 21. Qc3 a5 22. Re3 axb4 23. axb4 Rxa1+ 24. Qxa1 Bf4 25. Re1 Qc7 26. Qc3 Qc6 27. g3 Bc7 28. Re3 Qd7 29.
Nb6 Qb5 30. Nd5 Rxd5 31. exd5 Bf5 32. c6 Be5 33. Rxe5 fxe5 34. Qxe5 g6 35. Qb8+ Kg7 36. cxb7 Qe2 37. Qf4 Bxh3 38. Qd4+ 1-0

[Event "*** Titled Tuesday 3|2 Blitz"]
[Site "Chess.com"]
[Date "2016.01.05"]
[Round "9"]
[White "aspired"]
[Black "TheLancer"]
[Result "1-0"]
[WhiteElo "2367"]
[BlackElo "2380"]
[TimeControl "180+2"]
[EndTime "12:53:37 PST"]
[Termination "aspired won by resignation"]

1. d4 Nf6 2. Nc3 d5 3. Bf4 c5 4.
e3 a6 5. Nf3 Nc6 6. Bd3 Bg4 7.
Be2 e6 8. O-O Bd6 9. Bxd6 Qxd6 10. dxc5 Qxc5 11. Nd4 Bxe2 12. Ncxe2 O-O 13. c3 b5 14.
Nxc6 Qxc6 15. a4 bxa4 16. Rxa4 Rab8 17. Nd4 Qc5 18. Qa1 Qb6 19. Rb4 Qd6 20. Ra4 Rb6 21. Nc2 Nd7 22. Ra5 Nc5 23. Qa3 Nd3 24. b4 Ne5 25.
Rc5 Nc4 26. Qa2 a5 27. Rd1 axb4 28. cxb4 Qb8 29. e4 Rc8 30. exd5 exd5 31. Rcxd5 h6 32.
Rd7 Rf6 33. h3 Ne5 34. R7d2 Ng6 35. Qb3 Kh7 36. Ne3 Qf4 37. Nd5 Qg5 38. Nxf6+ Qxf6 39. b5 Rb8 40. Rb1 Qg5 41. Rdb2 Nf4 42. Qg3 Rxb5 43. Rxb5 Ne2+ 44. Kh2 Qd8 45. Qf3 1-0

[Event "*** Titled Tuesday 3|2 Blitz"]
[Site "Chess.com"]
[Date "2016.01.05"]
[Round "9"]
[White "chorejason"]
[Black "wilju"]
[Result "0-1"]
[WhiteElo "1875"]
[BlackElo "1845"]
[TimeControl "180+2"]
[EndTime "12:53:41 PST"]
[Termination "wilju won by resignation"]

1. e4 e5 2. d4 exd4 3. c3 dxc3 4.
Bc4 Nc6 5. Nf3 Bd6 6. O-O Nf6 7. Re1 Ne5 8. Nxe5 Bxe5 9. Nxc3 d6 10. f4 Bxc3 11.
bxc3 O-O 12. Rb1 c6 13. Qf3 Bg4 14. Qg3 b5 15. Bd3 Re8 16. e5 dxe5 17. fxe5 Nh5 18. Qxg4 Qxd3 19. Be3 g6 20. Bd4 Rad8 21. Rbd1 Qc4 22. Qg5 c5 23. Bf2 Rxd1 24. Rxd1 Qxc3 25. g4 Ng7 26. Rd7 Qxe5 27. Qd2 Ne6 28. Bg3 Qe4 29. Qf2 Ng5 30. h4 Nh3+ 0-1

[Event "*** Titled Tuesday 3|2 Blitz"]
[Site "Chess.com"]
[Date "2016.01.05"]
[Round "9"]
[White "pedromartinez91"]
[Black "ftorodent"]
[Result "0-1"]
[WhiteElo "2072"]
[BlackElo "2310"]
[TimeControl "180+2"]
[EndTime "12:53:54 PST"]
[Termination "ftorodent won by checkmate"]

1. e3 d5 2. b3 Nf6 3. Nf3 Bg4 4. Bb2 Nbd7 5. h3 Bh5 6. Be2 e6 7. c4 c6 8. d3 Bb4+ 9. Nbd2 Bxf3 10. Bxf3 Nc5 11.
Ke2 Nxd3 12. Kxd3 dxc4+ 13. Kc2 Qd3+ 14. Kc1 c3 15. Ne4 Qxd1+ 16. Rxd1 Nxe4 17. Bxe4 Ke7 18. a3 cxb2+ 19. Kxb2 Bd6 20. Rac1 Rhd8 21. b4 a6 22. Kb3 f5 23. Bf3 Be5 24. Rxd8 Rxd8 25. Rd1 Ra8 26. a4 Rc8 27. Rd3 g6 28. g3 Bd6 29. e4 f4 30. Bg4 Rf8 31. h4 h5 32.
Bh3 fxg3 33. fxg3 Rf2 34. Kc3 Be5+ 35. Kb3 Re2 36. g4 Rxe4 37. gxh5 gxh5 38. Bg2 Rxh4 39.
b5 axb5 40. axb5 cxb5 41. Bxb7 b4 42. Bc8 Re4 43. Rd7+ Kf6 44. Rh7 h4 45. Rh6+ Kg5 46. Rxe6 h3 47. Bb7 Re3+ 48. Kc2 b3+ 49. Kb1 Re1# 0-1

[Event "*** Titled Tuesday 3|2 Blitz"]
[Site "Chess.com"]
[Date "2016.01.05"]
[Round "9"]
[White "Lupul_Cenusiu"]
[Black "Fandorine"]
[Result "0-1"]
[WhiteElo "2383"]
[BlackElo "2550"]
[TimeControl "180+2"]
[EndTime "12:54:00 PST"]
[Termination "Fandorine won by resignation"]

1. d4 Nf6 2. c4 g6 3. Nf3 Bg7 4. e3 O-O 5. Be2 d6 6. O-O Nbd7 7. b3 e5 8. Bb2 Re8 9. Nc3 a6 10. Qc2 exd4 11. exd4 d5 12. Rfe1 dxc4 13. bxc4 Nb6 14. Bf1 Bf5 15. Qb3 Rxe1 16. Rxe1 Rb8 17. a4 Nbd7 18. Ba3 Bf8 19. c5 Be6 20. Bc4 Bxc4 21. Qxc4 Nh5 22. g3 c6 23. d5 b5 24. axb5 axb5 25.
Qd3 Nxc5 26. Bxc5 Bxc5 27. Ne4 Bb4 28. Rb1 Qxd5 29. Qxd5 cxd5 30. Rxb4 dxe4 31. Nd4 Nf6 32. Rxb5 Rxb5 33. Nxb5 Kf8 34. Nc3 Ke7 35. Kf1 Ke6 36.
Ke2 Ke5 37. Na4 Kd4 38. Nb2 Nd5 39. Kd2 f5 40. Nd1 g5 41. h3 f4 42. gxf4 Nxf4 43.
Nc3 Nxh3 44. Ne2+ Ke5 45. Ke3 Nf4 46. Ng3 Nd5+ 47. Ke2 Nf6 48. f3 exf3+ 49. Kxf3 h5 50. Nf1 g4+ 51. Kg3 Kf5 52. Ne3+ Kg5 53. Kg2 h4 54. Nc4 Kf4 55. Nd2 Ne4 56. Nc4 Ng5 57. Nd2 h3+ 58. Kh1 g3 59. Nf1 g2+ 60. Kg1 Nf3+ 61.
Kf2 g1=Q+ 0-1

[Event "*** Titled Tuesday 3|2 Blitz"]
[Site "Chess.com"]
[Date "2016.01.05"]
[Round "9"]
[White "jk13"]
[Black "Iball95"]
[Result "1-0"]
[WhiteElo "2374"]
[BlackElo "2391"]
[TimeControl "180+2"]
[EndTime "12:54:00 PST"]
[Termination "jk13 won by resignation"]

1. e4 e5 2. Nf3 Nc6 3. Bc4 Bc5 4. c3 Nf6 5. d3 d6 6. Bb3 O-O 7. h3 h6 8. O-O a6 9. Re1 Ba7 10. Nbd2 Be6 11. Bc2 d5 12. Nh2 Qd7 13. Qf3 dxe4 14. dxe4 Ne7 15. Ndf1 Nh7 16. Ng3 Ng5 17. Bxg5 hxg5 18.
Rad1 Qc6 19. Qh5 f6 20. Rd2 Rad8 21. Red1 Rxd2 22. Rxd2 Bxa2 23. h4 Bf7 24. Qg4 Be6 25. Qh5 gxh4 26. Qxh4 Ng6 27. Qh5 Nf4 28. Qd1 Qc5 29. Bb3 b5 30. Bxe6+ Nxe6 31. Nf5 Ng5 32. Qg4 Rf7 33. Nf3 Nxf3+ 34. Qxf3 Qf8 35. Qg4 Kh7 36.
Rd3 g5 37. Rh3+ Kg8 38. Qh5 Rg7 39. Qh8+ Kf7 40. Qxf8+ Kxf8 41. Nxg7 Kxg7 42. Rd3 Bb6 43. Rd7+ Kg6 44. g4 a5 45. Kf1 b4 46. cxb4 axb4 47. f3 Bd4 48. b3 c5 49. Ke2 c4 50. bxc4 b3 51. Rb7 b2 52. Kd3 Kh6 53. Kc2 Kg6 54.
Kb1 Kh6 55. Ka2 Kg6 56. Ka3 Kh6 57. Rxb2 Bxb2+ 58. Kxb2 Kg6 59. Kb3 Kf7 60. Kb4 Ke7 61. Kc5 Kd7 62. Kb6 1-0

[Event "*** Titled Tuesday 3|2 Blitz"]
[Site "Chess.com"]
[Date "2016.01.05"]
[Round "9"]
[White "BahadirOzen"]
[Black "AvitalBor"]
[Result "1-0"]
[WhiteElo "2483"]
[BlackElo "2355"]
[TimeControl "180+2"]
[EndTime "12:54:03 PST"]
[Termination "BahadirOzen won by resignation"]

1. d4 Nf6 2. Nf3 g6 3. c3 Bg7 4. Bf4 d5 5. h3 O-O 6. Nbd2 Bf5 7. e3 c6 8. Be2 Nbd7 9. O-O Re8 10. Bh2 Ne4 11. Nxe4 Bxe4 12. Nd2 Bf5 13. Qb3 e5 14.
dxe5 Nxe5 15. Nf3 Nxf3+ 16. Bxf3 Qb6 17. Qxb6 axb6 18. a3 b5 19. Bd6 Bd3 20. Rfd1 Bc4 21. Bc5 Ra6 22. Re1 b6 23. Bd6 Rd8 24. Bc7 Rda8 25. Rad1 f5 26. g4 Rf8 27. gxf5 Rxf5 28. Bg4 Rf8 29. Be6+ Kh8 30. e4 Bb3 31. Rd2 Re8 32.
exd5 Bxd5 33. Rde2 Bf3 34. Re3 Bh5 35. Bd7 Rxe3 36.
Rxe3 h6 37. Re8+ Kh7 38. Re7 Kh8 39. Bxc6 b4 40. axb4 Ra1+ 41. Kg2 Rb1 42. c4 Rxb2 43. Rxg7 1-0

[Event "*** Titled Tuesday 3|2 Blitz"]
[Site "Chess.com"]
[Date "2016.01.05"]
[Round "9"]
[White "Vorenus_Lucius"]
[Black "pKiLz5Rn9b"]
[Result "1-0"]
[WhiteElo "2508"]
[BlackElo "2365"]
[TimeControl "180+2"]
[EndTime "12:54:07 PST"]
[Termination "Vorenus_Lucius won by resignation"]

1. d4 e6 2. c4 Nf6 3. Nf3 b6 4.
g3 Bb7 5. Bg2 Be7 6. O-O d5 7.
cxd5 exd5 8. Nc3 O-O 9. Bf4 Na6 10. Rc1 c5 11. Ne5 Re8 12. Nb5 Qc8 13. Qa4 Qe6 14. Rfe1 h6 15. a3 Ne4 16. dxc5 Nexc5 17. Qd1 Bf6 18. Nd4 Qe7 19. Nec6 Qd7 20. b4 Ne4 21. Qd3 Ng5 22. Rc2 Ne6 23. Rec1 Rec8 24. Ne5 Bxe5 25. Bxe5 Rxc2 26. Rxc2 Nac7 27. Bh3 Rc8 28. Bxc7 Rxc7 29. Rxc7 Qxc7 30. Nxe6 Qc1+ 31. Kg2 d4+ 32. f3 fxe6 33. Bxe6+ Kh8 34. Qxd4 Qc7 35. Qf4 Qe7 36. Qf7 Qd8 37.
Qxb7 1-0

[Event "*** Titled Tuesday 3|2 Blitz"]
[Site "Chess.com"]
[Date "2016.01.05"]
[Round "9"]
[White "chessdude"]
[Black "MinhGTrAn"]
[Result "1-0"]
[WhiteElo "2324"]
[BlackElo "2552"]
[TimeControl "180+2"]
[EndTime "12:54:28 PST"]
[Termination "chessdude won on time"]

1. e4 c5 2. Nf3 d6 3. d4 cxd4 4. Nxd4 Nf6 5. Nc3 a6 6. Be3 e5 7.
Nb3 Be6 8. f3 h5 9. Qd2 Nbd7 10.
Nd5 Nxd5 11. exd5 Bf5 12. Bd3 Bxd3 13. Qxd3 Be7 14. O-O O-O 15. c4 Rc8 16. Rac1 Bf6 17. Rc2 Qe7 18. Bf2 g6 19. Nd2 Bg7 20. b4 f5 21. Re1 g5 22. Nb3 g4 23. c5 gxf3 24. gxf3 e4 25. fxe4 Ne5 26. Qh3 fxe4 27. Rxe4 Qf7 28.
Qe6 Rce8 29. Qxf7+ Rxf7 30. Kg2 Rd8 31. Bg3 Kh7 32.
Na5 Nd3 33. c6 bxc6 34. dxc6 Be5 35. Nb7 Rg8 36. c7 Rc8 37. Nxd6 Rcxc7 38. Rxc7 Rxc7 39. Bxe5 Rc2+ 40. Kg3 Rxa2 41. Bf4 Ra4 42. Re7+ Kg6 43. Re6+ Kg7 44. Bh6+ Kh7 45. Ne4 1-0

[Event "*** Titled Tuesday 3|2 Blitz"]
[Site "Chess.com"]
[Date "2016.01.05"]
[Round "9"]
[White "rdclayton"]
[Black "oskariot"]
[Result "0-1"]
[WhiteElo "2107"]
[BlackElo "2326"]
[TimeControl "180+2"]
[EndTime "12:54:35 PST"]
[Termination "oskariot won by resignation"]

1. d4 Nf6 2. c4 c5 3. d5 b5 4.
cxb5 a6 5. bxa6 g6 6. Nc3 Bxa6 7. e4 Bxf1 8. Kxf1 d6 9. g3 Bg7 10. Kg2 O-O 11. Nge2 Nbd7 12. h3 Ra6 13. Qd3 Qa8 14. Rd1 Rb8 15. a4 Rb4 16. Qc2 e6 17. Rb1 exd5 18.
exd5 Nb6 19. Kg1 Nxa4 20. Nxa4 Raxa4 21. b3 Ra2 22. Bb2 Nxd5 23. Ra1 Bxb2 24. Qxb2 Rxa1 25. Rxa1 Qe8 26. Ra7 Re4 27. Nc3 Re1+ 28. Kh2 Nxc3 29. Qxc3 Qe4 30. Ra8+ Qxa8 31. Qxe1 Qf3 32. Kg1 Qxb3 33.
h4 Qe6 34. Qa5 h5 35. Qd8+ Kg7 36. Kh2 c4 37. Qc7 d5 38. f3 Qe2+ 39. Kh3 Qe6+ 40.
g4 d4 41. Kg3 d3 42. gxh5 gxh5 43. Qd8 c3 44. Qd4+ Qf6 45. Qe4 0-1

[Event "*** Titled Tuesday 3|2 Blitz"]
[Site "Chess.com"]
[Date "2016.01.05"]
[Round "9"]
[White "yurisolo"]
[Black "volodja49"]
[Result "0-1"]
[WhiteElo "2439"]
[BlackElo "2312"]
[TimeControl "180+2"]
[EndTime "12:54:36 PST"]
[Termination "volodja49 won on time"]

1. e4 e6 2. d3 d5 3. Nd2 c5 4. Ngf3 Nf6 5. g3 b6 6. Bg2 Bb7 7. O-O Be7 8. Re1 Qc7 9. c3 Nc6 10. e5 Nd7 11. d4 cxd4 12. cxd4 Nb4 13. Re3 Qc2 14. Re1 Qxd1 15. Rxd1 Ba6 16. a3 Be2 17.
Re1 Bxf3 18. Nxf3 Nc2 19. Bd2 Nxa1 20. Rxa1 Rc8 21. Bf1 O-O 22. Bc3 Rc7 23. Ne1 Nb8 24.
Nc2 Nc6 25. Ne3 Na5 26. f4 Rfc8 27. f5 Rxc3 28. bxc3 Rxc3 29. Nd1 Rxa3 30. Rxa3 Bxa3 31.
Bh3 exf5 32. Ne3 Nb3 33. Nxf5 g6 34. Ne3 Nxd4 35. Nxd5 Bc5 36. Kg2 a5 37. Bd7 b5 38.
Nf6+ Kg7 39. Ne4 Be7 40. Kf2 a4 41. Ke3 a3 42. Nc3 Nf5+ 43. Kd3 b4 0-1

[Event "*** Titled Tuesday 3|2 Blitz"]
[Site "Chess.com"]
[Date "2016.01.05"]
[Round "9"]
[White "kikydu96"]
[Black "Rating-Schmating"]
[Result "1-0"]
[WhiteElo "2236"]
[BlackElo "2131"]
[TimeControl "180+2"]
[EndTime "12:54:46 PST"]
[Termination "kikydu96 won on time"]

1. e4 e6 2. d4 d5 3. Nc3 Nf6 4. e5 Nfd7 5. Nf3 c5 6. dxc5 Bxc5 7. Bd3 Nc6 8. Bf4 Qb6 9. Qd2 a6 10. O-O Qc7 11. Rfe1 b5 12. Nxd5 Qa7 13. Nc3 Bb7 14. Ne4 Be7 15. Nd6+ Bxd6 16. exd6 Nd4 17. Be3 Nxf3+ 18. gxf3 Qb8 19. Be4 Nf6 20. Rad1 O-O 21. Bg5 Nd5 22. d7 f6 23. Bh4 Qd6 24. b3 b4 25. Bg3 Qxd7 26. Qxb4 Nxb4 27. Rxd7 Bxe4 28. Rxe4 Nxc2 29. Rxe6 Rfe8 30. Ree7 Rxe7 31. Rxe7 Nd4 32. Kg2 Kf8 33. Rd7 Nf5 34. b4 Rc8 35. Ra7 Rc6 36. a4 Rb6 37. Ra8+ Kf7 38. Rb8 Rc6 39. a5 Nd4 40.
Rb6 Ke6 41. Bf4 Kd5 42. Be3 Nc2 43. b5 1-0

[Event "*** Titled Tuesday 3|2 Blitz"]
[Site "Chess.com"]
[Date "2016.01.05"]
[Round "9"]
[White "gumersindo"]
[Black "BjarkeSahl"]
[Result "0-1"]
[WhiteElo "2270"]
[BlackElo "2125"]
[TimeControl "180+2"]
[EndTime "12:54:49 PST"]
[Termination "BjarkeSahl won by resignation"]

1. d4 f5 2. g3 Nf6 3. Bg2 g6 4. Nf3 Bg7 5. c4 O-O 6. Nc3 d6 7. O-O Qe8 8. d5 c6 9. Re1 Na6 10. Be3 Ng4 11. Bd4 Ne5 12. dxc6 bxc6 13. b3 Nxf3+ 14.
Bxf3 e5 15. Be3 e4 16. Bd4 exf3 17. exf3 Qf7 18. Bxg7 Qxg7 19. Na4 Qf6 20. Rc1 Bd7 21. Qd2 Rae8 22. Red1 Re6 23. c5 d5 24. Qa5 Bc8 25. b4 Qd8 26. Qxd8 Rxd8 27. a3 Nc7 28. Nc3 Ba6 29.
Rd4 Bc4 30. Kg2 Nb5 31. Nxb5 cxb5 32. h4 Rde8 33. h5 Kf7 34. hxg6+ hxg6 35. Rh1 Kg7 36. Rdh4 Ra6 37. Rh7+ Kf6 38. Ra1 Re7 39. Rh8 d4 40. Rd8 d3 41. f4 Kf7 42. Rh1 Rxa3 43. Rh7+ Kf6 44. Rhh8 Ra2 45. c6 Rc2 46. Rhf8+ Bf7 47. Rxd3 Rxc6 48. f3 Rce6 49. g4 Re8 50. g5+ Kg7 51.
Rxe8 Bxe8 52. Rd5 Kf7 53. Rc5 Ke7 54. Rc7+ Bd7 55. Rxa7 Re2+ 56. Kg3 Rb2 57. Ra6 Be8 58. Ra7+ Kf8 59. Rb7 Rxb4 60. Rb8 Rb2 0-1

[Event "*** Titled Tuesday 3|2 Blitz"]
[Site "Chess.com"]
[Date "2016.01.05"]
[Round "9"]
[White "ChessSkool"]
[Black "Dlugy"]
[Result "1-0"]
[WhiteElo "2380"]
[BlackElo "2577"]
[TimeControl "180+2"]
[EndTime "12:55:02 PST"]
[Termination "ChessSkool won by resignation"]

1. Nf3 Nf6 2. d4 g6 3. Bg5 Bg7 4. c3 O-O 5. Nbd2 d6 6. e4 Nbd7 7. Bd3 e5 8. O-O h6 9. Bh4 Qe7 10. Re1 Re8 11. Qc2 c6 12. a4 a5 13. Nc4 Qe6 14. Bg3 Nh5 15. dxe5 Nxg3 16. hxg3 dxe5 17. Ne3 Qe7 18. Bf1 Nc5 19. Nd2 Be6 20. Bc4 Bf8 21. Nb3 h5 22. Nxc5 Qxc5 23. Bxe6 Rxe6 24. Qb3 Rb8 25.
Red1 Bh6 26. Nc4 Re7 27. Rd3 Bf8 28. Nb6 Rbe8 29. Rad1 Kg7 30. Rd8 Rxd8 31. Rxd8 Rc7 32. Na8 Re7 33. Nb6 Rc7 34. Rd7 Rxd7 35. Nxd7 Qd6 36. Nxf8 Kxf8 37. Qxb7 Kg7 38. Qa7 Qd1+ 39. Kh2 Qxa4 40. b4 Qc2 41. bxa5 Qxe4 42. Qe3 Qd5 43. a6 c5 44. a7 e4 45. Qf4 h4 46. gxh4 e3 47. Qxe3 Qd8 48. Qe5+ Kh7 49. g3 Qa8 50. Qb8 Qf3 51. a8=Q Qxf2+ 52. Qg2 Qf6 53. Qf4 1-0

[Event "*** Titled Tuesday 3|2 Blitz"]
[Site "Chess.com"]
[Date "2016.01.05"]
[Round "9"]
[White "AndrewMcStone"]
[Black "bugsbunny444"]
[Result "1-0"]
[WhiteElo "1994"]
[BlackElo "2324"]
[TimeControl "180+2"]
[EndTime "12:55:03 PST"]
[Termination "AndrewMcStone won by resignation"]

1. d4 e6 2. c4 b6 3. Nc3 Bb7 4. f3 Bb4 5. Nh3 f5 6. Bg5 Nf6 7. e3 O-O 8. Bd3 Qe7 9. Qc2 c5 10. a3 Ba5 11. O-O Nc6 12. dxc5 bxc5 13. Rad1 Ne5 14.
Rf2 Bc6 15. Rfd2 Rab8 16. Bf1 Rb7 17. Rd6 Rfb8 18. Nb5 a6 19. Qa4 Qd8 20. Rxe6 Bxb5 21. cxb5 axb5 22. Qc2 dxe6 23. Rxd8+ Rxd8 24. Bf4 Ned7 25. Nf2 g6 26. Nd3 c4 27. Ne5 Nd5 28. Nc6 Ra8 29.
Nxa5 Rxa5 30. Bd6 Ra6 31. Bf4 Kg7 32. Qd2 N7f6 33. Be5 Kf7 34. e4 fxe4 35. fxe4 Nxe4 36. Qd1 Nef6 37. Qf3 Rd7 38. g4 g5 39. h4 h6 40.
hxg5 hxg5 41. Qh3 Ra8 42. Qh6 Rg8 43. Bg2 Rg6 44. Qh8 Ng8 45. Be4 Rh6 46. Qg7+ Ke8 47.
Qxg8+ Ke7 48. Qxg5+ 1-0

[Event "*** Titled Tuesday 3|2 Blitz"]
[Site "Chess.com"]
[Date "2016.01.05"]
[Round "9"]
[White "ZEN-22"]
[Black "Cats4Sale"]
[Result "0-1"]
[WhiteElo "2378"]
[BlackElo "2293"]
[TimeControl "180+2"]
[EndTime "12:55:20 PST"]
[Termination "Cats4Sale won by checkmate"]

1. e3 e5 2. Ne2 d5 3. d4 Nc6 4. dxe5 Nxe5 5. Nd2 Nf6 6. Nf3 Nxf3+ 7. gxf3 g6 8. Bg2 Bg7 9. c4 O-O 10. cxd5 Nxd5 11.
h4 Be6 12. a3 c6 13. h5 Qb6 14. hxg6 fxg6 15. Nd4 Bxd4 16. Qxd4 Qxd4 17. exd4 Nf4 18.
Bf1 Bd5 19. Rh4 Rae8+ 20. Be3 Bxf3 21. Kd2 g5 22. Rh2 Kg7 23. Bc4 h6 24. Rg1 Bd5 25. Bf1 Ng6 26. Bd3 Be4 27. Bc4 b5 28. Be2 a6 29. Kc3 Ne7 30. Kb4 Nd5+ 31. Ka5 Bg6 32. Rg3 Rf6 33. Bd1 Rfe6 34. Bb3 Re4 35. Kxa6 Nxe3 36. fxe3 Rxe3 37. Rhh3 Rxg3 38. Rxg3 Re2 39.
Kb6 Rxb2 40. Kxc6 h5 41. Bd1 Kh6 42. Re3 Rd2 43. Be2 Rxd4 44. Bxb5 h4 45. Re6 Kg7 46.
a4 h3 47. a5 h2 48. Re1 Rh4 49. a6 h1=Q+ 50. Rxh1 Be4+ 51. Kb6 Bxh1 52. a7 Rb4 53. Ka5 Rxb5+ 54. Kxb5 Kf6 55. Kc5 Ke5 56. Kc4 Kf4 57. Kd3 Bf3 58. Kd2 g4 59. Ke1 Ke5 60. Kf2 Kf4 61.
Kg1 Kg3 62. Kf1 Kh2 63. Kf2 Ba8 64. Ke3 g3 65. Kf4 g2 66. Ke5 g1=Q 67. Kd6 Qxa7 68.
Ke5 Qc7+ 69. Kd4 Qd6+ 70. Ke3 Qe5+ 71. Kf2 Qf4+ 72. Ke2 Bf3+ 73. Kd3 Qe4+ 74. Kc3 Kg3 75. Kd2 Kf2 76. Kc3 Ke3 77. Kb3 Kd3 78. Kb2 Qb4+ 79. Kc1 Qc3+ 80. Kb1 Qe1+ 81. Kb2 Bd5 82. Ka3 Qa5+ 83. Kb2 Qc3+ 84. Kb1 Qb3+ 85. Ka1 Qa2# 0-1

[Event "*** Titled Tuesday 3|2 Blitz"]
[Site "Chess.com"]
[Date "2016.01.05"]
[Round "9"]
[White "swayamsm"]
[Black "LyonBeast"]
[Result "1-0"]
[WhiteElo "2600"]
[BlackElo "2765"]
[TimeControl "180+2"]
[EndTime "12:55:24 PST"]
[Termination "swayamsm won by resignation"]

1. d4 Nf6 2. c4 e6 3. Nc3 Bb4 4.
e3 O-O 5. Ne2 d5 6. a3 Be7 7.
cxd5 Nxd5 8. Nxd5 Qxd5 9. Nc3 Qc6 10. Bd2 Nd7 11. Rc1 Nf6 12. Nb5 Qb6 13. Nxc7 Rb8 14.
Nb5 Bd7 15. Nc3 Qxb2 16. a4 Rfc8 17. Bd3 Qb6 18. O-O a6 19. Qe2 Qd6 20. Rb1 e5 21. dxe5 Qxe5 22. f4 Qe6 23. e4 Bc5+ 24. Kh1 Bd4 25.
Rfc1 Ng4 26. f5 Qf6 27. Qxg4 Bxc3 28. Bg5 Qd4 29. Qg3 Ba5 30. Rd1 Bc7 31. Bf4 Bxf4 32. Qxf4 Bc6 33. Bc2 Qc3 34. Bb3 Re8 35. Bd5 Bxd5 36.
exd5 Rbd8 37. d6 Rd7 38. h3 h6 39. Rbc1 Qb3 40. Kh2 Red8 41. Rd4 b5 42. axb5 axb5 43.
Rc7 Qa3 44. Rxd7 Rxd7 45. Qe5 Kh7 46. f6 g6 47. Qe8 Qc5 48. Rd3 Qf5 49. Rf3 Qe4 50.
Qxe4 1-0

[Event "*** Titled Tuesday 3|2 Blitz"]
[Site "Chess.com"]
[Date "2016.01.05"]
[Round "9"]
[White "Anton_Demchenko"]
[Black "Frolyanov_D"]
[Result "0-1"]
[WhiteElo "2666"]
[BlackElo "2535"]
[TimeControl "180+2"]
[EndTime "12:55:33 PST"]
[Termination "Frolyanov_D won by checkmate"]

1. e4 e5 2. Nf3 Nf6 3. Nxe5 d6 4. Nf3 Nxe4 5. Bd3 Nf6 6. O-O Be7 7. c3 O-O 8. Bc2 b6 9. d4 Bb7 10. Nbd2 Nbd7 11.
Re1 Re8 12. Nf1 Bf8 13. Be3 g6 14. h3 Bg7 15. Ng3 Nf8 16. Bb3 Qd7 17. Ng5 Re7 18. Bd2 Rae8 19. Rxe7 Rxe7 20. a4 a5 21. Bc4 Bxg2 22.
Bxf7+ Rxf7 23. Nxf7 Bd5 24. Ng5 h6 25. c4 Bxc4 26.
Nf3 Qxh3 27. Nh2 Bd5 28. Qf1 Qh4 29. Be3 Ne6 30. Rc1 Ne4 31. Qg2 Kh7 32. Nxe4 Bxe4 33. Qg4 Qxg4+ 34. Nxg4 h5 35. Nh2 c5 36. dxc5 dxc5 37.
Nf1 Bxb2 38. Rd1 Nd4 39. Ng3 Bc2 40. Rf1 Bc3 41. Rc1 Bb2 42. Rf1 h4 43. Nh1 Nf3+ 44.
Kg2 Be4 45. Kh3 g5 46. Rd1 Bf5+ 47. Kg2 g4 48. Rd6 Be4 49. Rxb6 Be5 50. Bxc5 Nd4+ 51. Kg1 Nf3+ 52. Kf1 Bd3+ 53. Kg2 h3# 0-1

[Event "*** Titled Tuesday 3|2 Blitz"]
[Site "Chess.com"]
[Date "2016.01.05"]
[Round "9"]
[White "AlexanderL"]
[Black "FairChess_on_YouTube"]
[Result "1-0"]
[WhiteElo "2588"]
[BlackElo "2779"]
[TimeControl "180+2"]
[EndTime "12:55:55 PST"]
[Termination "AlexanderL won by resignation"]

1. d4 d5 2. c4 c6 3. Nc3 Nf6 4. cxd5 cxd5 5. Bf4 Nc6 6. e3 a6 7. Bd3 Bg4 8. Nge2 e6 9. O-O Bd6 10. f3 Bh5 11. Bxd6 Qxd6 12. Qb3 Bg6 13. Nf4 Nxd4 14. Qxb7 O-O 15. Nxg6 hxg6 16. exd4 Rfb8 17. Qxa8 Rxa8 18.
Ne2 e5 19. Rac1 Re8 20. Rc2 exd4 21. Rd1 Re3 22. Nxd4 a5 23. Bf1 Kh7 24. b3 Nh5 25. Rcd2 Nf4 26. g3 Ne6 27. Kf2 Nxd4 28. Rxd4 Rc3 29.
R1d2 Qf6 30. Be2 g5 31. Rxd5 g4 32. f4 Qb6+ 33. Kg2 f5 34. Rxf5 Qe3 35. Rh5+ Kg6 36. Rhd5 Qe4+ 37. Kf2 Qe3+ 38. Kg2 Rc1 39. Bxg4 Qe4+ 40.
Kh3 Qe1 41. Rd6+ Kf7 42. Rd7+ Kf8 43. Rd8+ Kf7 44. R2d7+ Kg6 45. Rd6+ Kf7 46. Bh5+ g6 47. Bxg6+ Kg7 48. R8d7+ Kg8 49. Rf6 Rc8 50. Bh7+ Kh8 51. Bf5 Qf1+ 52. Kh4 Qe2 53. Rh6+ Kg8 54. Be6+ Kf8 55.
Rf7+ Kg8 56. Rc7+ Qxe6 57. Rxe6 Rxc7 58. Ra6 1-0

[Event "*** Titled Tuesday 3|2 Blitz"]
[Site "Chess.com"]
[Date "2016.01.05"]
[Round "9"]
[White "Jahonas"]
[Black "nonsopolo1"]
[Result "1-0"]
[WhiteElo "2096"]
[BlackElo "2054"]
[TimeControl "180+2"]
[EndTime "12:56:00 PST"]
[Termination "Jahonas won by resignation"]

1. d4 Nf6 2. Nf3 g6 3. Bf4 Bg7 4. c3 O-O 5. Nbd2 d6 6. e3 Nc6 7. Be2 Nd7 8. O-O e5 9. dxe5 Ndxe5 10. Nxe5 dxe5 11. Bg3 f5 12. f3 f4 13. exf4 exf4 14.
Bc4+ Kh8 15. Bf2 Ne5 16. Be2 Qe7 17. Ne4 b6 18. Qc2 Bf5 19. Rfe1 Rad8 20. Rad1 h6 21. Bf1 Qf7 22. b3 a5 23. c4 g5 24. c5 g4 25. Rxd8 Rxd8 26. fxg4 Nxg4 27. Bh4 Qh5 28. g3 Re8 29. cxb6 Bd4+ 30. Kg2 f3+ 31. Kh1 cxb6 32. Qc4 Bg7 33. Bd3 Bxe4 34. Bxe4 Nf2+ 35. Kg1 Nh3+ 36. Kf1 f2 37. Re2 Qg4 38. Bg2 Qxe2+ 39. Qxe2 Rxe2 40. Kxe2 Ng5 41. Kxf2 Bd4+ 42. Ke2 Kg7 43.
Kd3 Bc5 44. Bd5 Kf6 45. Kc4 Ke5 46. a4 Bg1 47. h3 Nxh3 48. Bd8 Bf2 49. Bg2 Kd6 50. Bxh3 1-0

[Event "*** Titled Tuesday 3|2 Blitz"]
[Site "Chess.com"]
[Date "2016.01.05"]
[Round "9"]
[White "KNVB"]
[Black "THORK"]
[Result "1-0"]
[WhiteElo "2378"]
[BlackElo "2153"]
[TimeControl "180+2"]
[EndTime "12:56:11 PST"]
[Termination "KNVB won by resignation"]

1. d4 f5 2. Bg5 c6 3. c4 Qb6 4. Qd2 d6 5. h4 Nd7 6. Nc3 Ngf6 7. Nf3 e6 8. g3 d5 9. c5 Qc7 10. Bf4 Qd8 11. a3 Ne4 12. Qc2 Be7 13. b4 O-O 14. e3 h6 15. Ne5 g5 16. hxg5 hxg5 17. Nxd7 Bxd7 18. Be5 Bf6 19. Bxf6 Qxf6 20. Bd3 e5 21. Ne2 Nxf2 22. Kxf2 e4 23. Bb5 cxb5 24. Rh2 Kf7 25. Rah1 Rh8 26. Nc3 Bc6 27. Rxh8 Rxh8 28. Rxh8 Qxh8 29. Kg1 Qh5 30. Qh2 Kg6 31. Qxh5+ Kxh5 32. Kg2 Kg4 33. Nd1 f4 34. Nf2+ Kf5 35. g4+ Kf6 36. Nd1 b6 37. cxb6 axb6 38. Kh3 Kg6 39. Kg2 Kf6 40. Kh3 Ke7 41. Kg2 Kd6 42. Nf2 Bd7 43. Nh3 fxe3 44. Nxg5 Bxg4 45. Kg3 Bh5 46. Nh3 Bf3 47. Nf4 Bd1 48. Ng6 Bh5 49. Nf4 Bf3 50.
Ng6 Be2 51. Nf4 Bd1 52. Ng2 e2 53. Kf2 Ke6 54. Nf4+ Kf5 55. Nxd5 Kg4 56. Nc3 e3+ 57. Ke1 Kf3 58. d5 Bb3 59. d6 Be6 60. Nd5 Ke4 61.
Nxb6 Kd4 62. d7 Bxd7 63. Nxd7 Kc3 64. Nb8 Kb3 65. Kxe2 Kxa3 66. Nc6 Kb3 67. Kxe3 Kc4 68. Ke4 Kc3 69. Kd5 Kb3 70. Kc5 Ka4 71. Kb6 Kb3 72.
Kxb5 Kc3 73. Kc5 1-0

[Event "*** Titled Tuesday 3|2 Blitz"]
[Site "Chess.com"]
[Date "2016.01.05"]
[Round "9"]
[White "TomsKantans"]
[Black "Gabrielian_Artur"]
[Result "0-1"]
[WhiteElo "2369"]
[BlackElo "2491"]
[TimeControl "180+2"]
[EndTime "12:56:15 PST"]
[Termination "Gabrielian_Artur won on time"]

1. e4 c5 2. Nf3 d6 3. d4 cxd4 4. Nxd4 Nf6 5. Nc3 a6 6. Be3 e6 7. f4 Qc7 8. Qf3 Be7 9. g4 b5 10. g5 Nfd7 11. O-O-O Bb7 12. Bd3 Nc6 13. Nxc6 Bxc6 14.
Kb1 b4 15. Ne2 e5 16. Ng3 g6 17. h4 exf4 18. Qxf4 Ne5 19. Bd4 Bb5 20. h5 Rc8 21. Rh2 Rg8 22. hxg6 fxg6 23. Bxb5+ axb5 24. Bxe5 dxe5 25. Qg4 Rf8 26. Qe2 Qc4 27. Qg4 Qc6 28. Rd5 Rf4 29. Qd1 Rf7 30. Ne2 Kf8 31. Nc1 Bxg5 32. Nd3 Bf4 33.
Nxe5 Bxe5 34. Rxe5 Kg7 35. Rd5 Qc4 36. Re2 h5 37. b3 Qc3 38. Rd3 Qf6 39. e5 Qf1 40. Re1 Qg2 41. e6 Re7 42. Rd7 Qg5 43. Qd4+ Kh6 44. Qxb4 Rce8 45. Rxe7 Rxe7 46. Qd6 Qf6 47. Qd2+ g5 48. Qe2 b4 49. Qe4 h4 50. Qxb4 Rxe6 51. Rxe6 Qxe6 52. Qf8+ Kh5 53. a4 h3 54. Qh8+ Kg4 55. Kb2 Kg3 56. Qc3+ Kh4 57. Qh8+ Kg4 58. a5 Qd6 0-1